 Dungeon Crawl Stone Soup version 0.28.0-43-g3370ac3207 (webtiles) character file.

Game seed: 6460910053791342095

81 funkygono the Firebug (level 4, -2/24 HPs)
             Began as a Gargoyle Fire Elementalist on Mar 9, 2022.
             Killed from afar by an orc wizard (9 damage)
             ... with a puff of flame
             ... on level 3 of the Dungeon.
             The game lasted 00:03:10 (2522 turns).

funkygono the Firebug (Gargoyle Fire Elementalist)  Turns: 2522, Time: 00:03:10

Health: -2/24      AC:  9    Str: 11    XL:     4   Next: 42%
Magic:  0/8        EV: 12    Int: 18    God:
Gold:   191        SH:  0    Dex: 10    Spells: 3/9 levels left

rFire   . . .      SeeInvis .   e - +0 mace
rCold   . . .      Faith    .   (no shield)
rNeg    + . .      Spirit   .   a - +0 robe
rPois   ∞          Reflect  .   (no helmet)
rElec   +          Harm     .   (no cloak)
rCorr   .          Rampage  .   (no gloves)
Will    .....                   (no boots)
Stlth   ++........              (no amulet)
HPRegen 0.08/turn               c - +4 ring of protection
MPRegen 0.11/turn               (no ring)

@: no status effects
A: sickness immunity, AC +3, negative energy resistance 1, electricity
resistance, torment resistance 1, petrification resistance
a: no special abilities


You were on level 3 of the Dungeon.
You visited 1 branch of the dungeon, and saw 3 of its levels.

You collected 191 gold pieces.

Inventory:

Hand Weapons
 e - a +0 mace (weapon)
 g - a +0 whip
Missiles
 k - 41 stones
Armour
 a - a +0 robe (worn)
Jewellery
 c - a +4 ring of protection (left hand)
Scrolls
 f - a scroll of torment {unknown}
 h - 3 scrolls of identify {unknown}
 i - a scroll of holy word {unknown}
 l - a scroll of blinking {unknown}
 m - 2 scrolls of noise {unknown}
Potions
 b - 2 potions of curing {unknown}
 d - 2 potions of brilliance {unknown}
 j - a potion of cancellation {unknown}
 n - a potion of might {unknown}
 o - a potion of attraction {unknown}


   Skills:
 + Level 1.7 Dodging
 - Level 2.1 Stealth
 * Level 3.0 Spellcasting
 * Level 2.2 Conjurations
 * Level 3.8 Fire Magic


You had 3 spell levels left.
You knew the following spells:

 Your Spells              Type           Power      Damage    Failure   Level
a - Foxfire               Conj/Fire      52%        2x1d6     4%          1
b - Scorch                Fire           32%        2d6       4%          2
c - Conjure Flame         Conj/Fire      13%        6-21      14%         3

Your spell library contained the following spells:

 Spells                   Type           Power      Damage    Failure   Level
 Inner Flame              Hex/Fire       9%         N/A       22%         3
 Flame Wave               Conj/Fire      13%        2d6       43%         4


Dungeon Overview and Level Annotations

Branches:
Dungeon (3/15)

Altars:
Yredelemnul


Innate Abilities, Weirdness & Mutations

You are immune to sickness and miasma.
Your stone body is resilient. (AC +3)
You are immune to poison.
You resist negative energy. (rN+)
You are resistant to electric shocks. (rElec)
You are resistant to unholy torment.
You are immune to petrification.


Message History

Unknown command.
The foxfire hits the orc but does no damage.
The orc is severely wounded.
The foxfire hits the orc.
You kill the orc!
Something tries to affect you, but you resist.
Casting: Foxfire (safe; 4% risk of failure)
Confirm with . or Enter, or press ? or * to list all spells.
You conjure some foxfire!
The foxfire hits something.
The foxfire hits something but does no damage.
There is an open door here.
Things that are here:
a +0 dagger; a goblin skeleton An orc wizard appears from thin air!
Reactivating autopickup.
The orc wizard gestures at you while chanting.
The magic dart hits you.
Casting: Foxfire (safe; 4% risk of failure)
Confirm with . or Enter, or press ? or * to list all spells.
You conjure some foxfire!
The orc wizard gestures wildly while chanting.
The orc wizard flickers and vanishes!
Deactivating autopickup; reactivate with Ctrl-A.
Unknown command.
Casting: Foxfire (safe; 4% risk of failure)
Confirm with . or Enter, or press ? or * to list all spells.
You conjure some foxfire!
The foxfire hits something. x2
Unknown command.
Casting: Foxfire (safe; 4% risk of failure)
Confirm with . or Enter, or press ? or * to list all spells.
You don't have enough magic to cast this spell.
Unknown command.
The foxfire hits something. x2
A magic dart appears from out of thin air!
The magic dart hits you!
* * * LOW HITPOINT WARNING * * *
A puff of flame appears from out of thin air!
The puff of flame hits you!
You die...

######### ## #.......#
#.
#####.......#########.
#>..............o.oo'.
#........o...########.
#........{...# #o.
#............# #..
#.....(......# #..
###....@.####### #..
#.....#### ####### #..
#.....# #^^_.^# #..
#...>.########^.^#####..
#.....'....##..^^^##....
#.....########.^.###....
#.....# ##'#####...
#.....# #.###.....
#.....# #.#.....##


You could see an orc.

Vanquished Creatures
  3 adders
  A worm (D:2)
  A dart slug (D:1)
  An orc (D:3)
  3 ball pythons
  4 endoplasms
  A giant cockroach (D:1)
  7 goblins
  5 hobgoblins
  3 kobolds
  6 quokkas
  4 bats
  A frilled lizard (D:1)
  3 rats
  A spectral orc (D:3)
44 creatures vanquished.

Vanquished Creatures (others)
  132 foxfires
  A fungus (D:3)
133 creatures vanquished.

Grand Total: 177 creatures vanquished

Notes
Turn   | Place    | Note
-------+----------+-------------------------------------------
     0 | D:1      | funkygono the Gargoyle Fire Elementalist began the quest
                  | for the Orb.
     0 | D:1      | Reached XP level 1. HP: 10/10 MP: 3/3
   146 | D:1      | Reached XP level 2. HP: 15/15 MP: 1/5
   151 | D:1      | Learned a level 2 spell: Scorch
   969 | D:1      | Reached XP level 3. HP: 19/19 MP: 0/6
   973 | D:1      | Learned a level 3 spell: Conjure Flame
  1075 | D:1      | Found a faded altar of an unknown god.
  1848 | D:3      | Reached XP level 4. HP: 24/24 MP: 3/8
  2346 | D:3      | Found a basalt altar of Yredelemnul.
  2522 | D:3      | Killed from afar by an orc wizard

Illustrated notes

Levels and vault maps discovered:
D:1:      scummos_arrival_gate, layout_basic,
          shapermc_ecumenical_altar_mp_vishouse, minivault_27, bh_walls_and_bars
D:2:      layout_rooms, minmay_tetromino_o4
D:3:      layout_basic, yredelemnul_forgotten_temple_becter,
          uniq_crazy_yiuf_cottage

Skill      XL: |  1  2  3  4 |
---------------+-------------+-----
Conjurations   | 2 |  2.2
Spellcasting   | 3 |  3.0
Dodging        | |  1.7
Stealth        | |  2.1
Fire Magic     | |  3.8

Action                   |  1- 3 |  4- 6 || total
-------------------------+-------+-------++-------
Melee: Mace              |     9 |       ||     9
 Cast: Foxfire           |    49 |    30 ||    79
       Scorch            |    10 |     3 ||    13
Armor: Robe              |     5 |     2 ||     7
Dodge: Dodged            |    10 |       ||    10
